 Dungeon Crawl Stone Soup version 0.12.2-22-g286eab9 (webtiles) character file.

434 Sachiko the Insei (level 5, 0/39 HPs)
             Began as a Demonspawn Monk on Aug 30, 2013.
             Succumbed to a kobold's poison
             ... on Level 4 of the Dungeon.
             The game lasted 00:17:29 (4687 turns).

Sachiko the Insei (Demonspawn Monk)                 Turns: 4687, Time: 00:17:29

HP   0/39        AC  3     Str 12      XL: 5   Next: 73%
MP   4/4         EV 14     Int 12      God:
Gold 203         SH  0     Dex 15      Spells:  0 memorised,  4 levels left

Res.Fire  : . . .   See Invis. : .     - Unarmed
Res.Cold  : . . .   Warding    : .   a - +0 robe
Life Prot.: . . .   Conserve   : .   (no shield)
Res.Poison: .       Res.Corr.  : .   (helmet restricted)
Res.Elec. : .       Clarity    : +   c - +0 elf cloak
Sust.Abil.: . .     Spirit.Shd : .   (no gloves)
Res.Mut.  : .       Stasis     : .   (no boots)
Res.Rott. : .       Ctrl.Telep.: .   (no amulet)
Saprovore : . . .   Flight     : .   (no ring)
                                     (no ring)

@: mildly poisoned, very slightly contaminated, slightly resistant to hostile
enchantments, quite stealthy
A: antennae 1, clarity, nightstalker 1, powered by death 2, Int +1, Dex -1
a: no special abilities


You were on level 4 of the Dungeon.
You were hungry.

You visited 1 branch of the dungeon, and saw 5 of its levels.

You collected 203 gold pieces.

Inventory:

Armour
 a - a +0 robe (worn)
 c - a +0 elven cloak (worn)
Magical devices
 o - a wand of slowing (7)
Comestibles
 b - 4 bread rations
 f - a royal jelly
Scrolls
 e - a scroll of enchant weapon II
 g - 4 scrolls of identify
 h - 3 scrolls of recharging
 i - a scroll of amnesia
 j - 4 scrolls of remove curse
 r - a scroll of fog
Jewellery
 m - an uncursed ring of poison resistance {unknown}
Potions
 d - a potion of agility
 p - 2 potions of resistance


   Skills:
 - Level 3.0 Fighting
 + Level 4.7 Dodging
 + Level 2.4 Stealth
 + Level 4.8 Unarmed Combat


You had 4 spell levels left.
You didn't know any spells.

Dungeon Overview and Level Annotations

Branches:
Dungeon (5/27)
 Temple: D:4-7

Altars:
Cheibriados
Trog
the Shining One

Annotations
D:4 Grinder


Innate Abilities, Weirdness & Mutations

You have a pair of small antennae on your head.
You are slightly more attuned to the shadows.
You can steal the life force of defeated enemies.
You possess an exceptional clarity of mind.
Your mind is acute (Int +1).
You are clumsy (Dex -1).


Message History

* * * LOW HITPOINT WARNING * * *
You feel sick.
* * * LOW HITPOINT WARNING * * *
You feel sick.
You climb upwards.
Level annotation: Grinder A worm comes into view.
* * * LOW HITPOINT WARNING * * *
You feel sick.
There is a stone staircase leading down here.
Drink which item? (? for menu, Esc to quit)
Okay, then.
* * * LOW HITPOINT WARNING * * *
You feel sick.
* * * LOW HITPOINT WARNING * * *
You feel sick.
* * * LOW HITPOINT WARNING * * *
You feel sick.
You feel a little better.
You die...

......###.#.#.#
#..)..#.#.#
#..####.#.# ##
#......{#w# .#
##.######.# .# #.#
#.# .###### #.#
#.# ......# #.#
#.# O####.# #.#
#@# <# #.# #.# #.#
.# #.###.### #.#
.# #.#.....# #.#
.# #.#.....# #.#
.# #.#.....# #.#
.# #.#.....####.#
.####..).........#
......####.#######


You could see a worm (wandering).

Vanquished Creatures
  A worker ant (D:4)
  7 adders
  4 gnolls (D:2)
  3 giant geckos
  2 oozes (D:1)
  13 orcs
  A giant cockroach (D:1)
  13 goblins
  7 hobgoblins
  7 jackals
  7 kobolds
  2 ball pythons
  12 bats
  5 giant newts (D:1)
  3 quokkas
  11 rats
98 creatures vanquished.

Vanquished Creatures (others)
  A kobold (D:3)
1 creature vanquished.

Grand Total: 99 creatures vanquished

Notes
Turn   | Place    | Note
--------------------------------------------------------------
     0 | D:1      | Sachiko, the Demonspawn Monk, began the quest for the Orb.
     0 | D:1      | Reached XP level 1. HP: 16/16 MP: 0/0
   126 | D:1      | Gained mutation: You have a pair of small antennae on your head. [demonic ancestry]
   126 | D:1      | Reached XP level 2. HP: 13/22 MP: 1/1
   301 | D:1      | Reached skill level 4 in Unarmed Combat
   880 | D:1      | Gained mutation: You can steal the life force of nearby defeated enemies. [demonic ancestry]
   880 | D:1      | Reached XP level 3. HP: 16/28 MP: 2/2
  1048 | D:1      | Found a glowing golden altar of the Shining One.
  1189 | D:2      | HP: 1/28 [poisoned by an adder]
  1355 | D:2      | HP: 1/28 [ball python (1)]
  1362 | D:2      | HP: 1/28 [ball python (1)]
  1370 | D:2      | HP: 1/28 [ball python (1)]
  2122 | D:2      | Gained mutation: You can steal the life force of defeated enemies. [demonic ancestry]
  2122 | D:2      | Reached XP level 4. HP: 34/34 MP: 3/3
  3025 | D:3      | Gained mutation: You are slightly more attuned to the shadows. [demonic ancestry]
  3025 | D:3      | Reached XP level 5. HP: 39/39 MP: 4/4
  3276 | D:3      | Found a snail-covered altar of Cheibriados.
  3794 | D:4      | Gained mutation: You possess an exceptional clarity of mind. [potion of mutation]
  3794 | D:4      | Gained mutation: You are clumsy (Dex -1). [potion of mutation]
  3794 | D:4      | Gained mutation: Your mind is acute (Int +1). [potion of mutation]
  4022 | D:4      | Found a bloodstained altar of Trog.
  4134 | D:4      | Noticed Grinder
  4147 | D:4      | Paralysed by Grinder for 7 turns
  4377 | D:4      | Noticed an ogre
  4662 | D:5      | Entered Level 5 of the Dungeon
  4685 | D:4      | HP: 1/39 [poisoned by a kobold]
  4687 | D:4      | Succumbed to a kobold's poison

Action                   |  1- 3 |  4- 6 || total
-------------------------+-------+-------++-------
Melee: Unarmed           |   161 |   228 ||   389
Evoke: Wand              |       |     2 ||     2
  Use: Scroll            |     9 |    10 ||    19
       Potion            |     3 |     8 ||    11
 Stab: Sleeping          |     6 |     8 ||    14
